AoeStats
← |GaoeG| flamingo

Nomad

510175764Analyzed
2v2 RM · 18h ago on Sep 29, 2026· 43m 4s· 4 players
Game mode
Random Map
Map size
176×176
Population
200
Speed
Normal
Resources
Standard
Victory
Conquest
Starting age
Dark Age
Ending age
Imperial Age
RankedLock teamsTeams togetherTeam positionsShared explorationLock speedFull tech treeHidden civsTurbo modeCheats
Victory
Defeat
🇬🇧 Khmer · United Kingdom
1405
+15
🇳🇱 Portuguese · Netherlands
1403
+15
🇪🇸 Franks · Spain
1398
-16
🇪🇸 Ethiopians · Spain
1354
-14
|GaoeG| flamingo
5:45 Loom
14:07 Feudal Age
14:48 Town Watch
18:05 Castle Age
17:16 Double-Bit Axe
18:08 Horse Collar
21:12 Scale Mail Armor
32:24 Bow Saw
32:14 Gold Mining
32:41 Heavy Plow
34:20 Chain Mail Armor
35:12 Crossbowman
37:34 Wheelbarrow
42:19 Imperial Age
40:38 Hand Cart
40:18 Fletching
40:28 Padded Archer Armor
41:44 Squires
41:43 Bodkin Arrow
42:03 Leather Archer Armor
42:26 Ballistics
43:18 Bracer
44:30 Chemistry
JITANOmaleant7
5:05 Loom
12:37 Feudal Age
17:09 Castle Age
16:25 Double-Bit Axe
17:45 Wheelbarrow
18:07 Bow Saw
17:52 Gold Mining
19:59 Forging
33:42 Scale Barding Armor
36:03 Chain Barding Armor
36:42 Husbandry
40:33 Imperial Age
Neo
4:00 Loom
14:54 Feudal Age
18:33 Castle Age
17:02 Horse Collar
17:36 Double-Bit Axe
17:42 Gold Mining
19:58 Bow Saw
20:37 Horse Collar
21:12 Town Watch
24:25 Heavy Plow
25:07 Wheelbarrow
24:39 Stone Mining
26:44 Scale Barding Armor
27:57 Bloodlines
28:18 Husbandry
30:50 Chain Barding Armor
32:11 Forging
33:28 Iron Casting
36:41 Imperial Age
35:33 Fletching
36:32 Hand Cart
36:42 Cavalier
37:59 Plate Barding Armor
38:25 Blast Furnace
42:03 Bodkin Arrow
Phoebus Apollo
8:41 Loom
9:24 Loom
12:24 Feudal Age
17:54 Castle Age
16:26 Forging
16:47 Double-Bit Axe
17:47 Town Watch
18:55 Medium Warships
33:54 Fishing Lines
36:06 Wheelbarrow
37:13 Gillnets
37:46 Horse Collar
39:20 Heavy Plow
43:37 Imperial Age
41:47 Bow Saw
Connection lost

Rejoining the realm…

Still unreachable

The connection could not be restored.

Session expired

The server has moved on; the page needs a fresh start.